 Dungeon Crawl Stone Soup version 0.30-a0-141-g30f27751c5 (webtiles) character file.

Game seed: 9606187478442891495

82754 greasedhog the Convoker (level 15, -5/92 HPs)
             Began as a Gargoyle Summoner on Sept 25, 2022.
             Was a High Priest of Sif Muna.
             Constricted to death by a naga warrior (6 damage)
             ... on level 2 of the Snake Pit.
             The game lasted 01:05:04 (27599 turns).

greasedhog the Convoker (Gargoyle Summoner)        Turns: 27599, Time: 01:05:04

Health: -5/92      AC: 26    Str: 15    XL:     15   Next: 74%
Magic:  27/38      EV: 10    Int: 24    God:    Sif Muna [*****.]
Gold:   1921       SH:  5    Dex: 10    Spells: 5/34 levels left

rFire   . . .      SeeInvis .    r - +10 flail "Kuome" {spect, MP+9 Int+4}
rCold   . . .      Faith    .    (no shield)
rNeg    + . .      Spirit   .    s - +0 steam dragon scales
rPois   ∞          Reflect  +    z - +0 helmet
rElec   +          Harm     .    d - +1 cloak
rCorr   .          Rampage  .    (no gloves)
Will    ++...                    (no boots)
Stlth   ++........               v - amulet of reflection
HPRegen 0.25/turn                J - +4 ring of protection
MPRegen 0.26/turn                C - ring of Emib {Fly Will+}

@: flying, constricted
A: sickness immunity, AC +11, big wings, negative energy resistance 1,
electricity resistance, torment resistance 1, petrification resistance
a: Renounce Religion, Channel Magic, Forget Spell, Divine Exegesis


You were on level 2 of the Snake Pit.
You worshipped Sif Muna.
Sif Muna was extremely pleased with you.
You visited 5 branches of the dungeon, and saw 21 of its levels.
You also visited: Sewer and Volcano.

You collected 2095 gold pieces.
You spent 174 gold pieces at shops.

Inventory:

Hand Weapons
 r - the +10 flail "Kuome" (weapon) {spect, MP+9 Int+4}
   (You took it off an orc on level 5 of the Dungeon)

   When its wielder attacks, the weapon's spirit leaps out and strikes again.
   The spirit shares a part of any damage it takes with its wielder.
   Int:       It affects your intelligence (+4).
   MP:        It affects your magic capacity (+9).
Missiles
 h - 4 throwing nets
Armour
 d - a +1 cloak (worn)
 s - +0 steam dragon scales (worn)
 z - a +0 helmet (worn)
 G - a +2 robe of fire resistance
 I - a +2 robe of willpower
Jewellery
 f - an amulet of guardian spirit
 v - an amulet of reflection (around neck)
 C - the ring of Emib (right hand) {Fly Will+}
   (You acquired it on level 11 of the Dungeon)

   [ring of flight]

   Fly:       It grants you flight.
   Will:      It increases your willpower.
 E - a ring of willpower
 J - a +4 ring of protection (left hand)
 N - an amulet of the acrobat
 Q - a +6 ring of strength
Wands
 l - a wand of polymorph (15)
 t - a wand of flame (22)
 w - a wand of roots (3)
 y - a wand of paralysis (17)
 D - a wand of digging (22)
Scrolls
 g - 3 scrolls of enchant armour
 i - 9 scrolls of teleportation
 j - a scroll of vulnerability {unknown}
 k - 2 scrolls of amnesia
 n - 3 scrolls of silence
 o - 3 scrolls of magic mapping
 q - 4 scrolls of enchant weapon
 A - 3 scrolls of butterflies
 B - 2 scrolls of fear
 H - 3 scrolls of summoning
 M - 2 scrolls of identify
Potions
 a - 2 potions of cancellation
 b - 2 potions of magic
 c - 3 potions of haste
 e - 5 potions of resistance
 m - 5 potions of brilliance
 p - 2 potions of might {unknown}
 u - 2 potions of ambrosia {unknown}
 x - 2 potions of attraction {unknown}
 F - 3 potions of mutation {unknown}
 K - 3 potions of lignification
 L - a potion of flight {unknown}
 O - 3 potions of curing


   Skills:
 - Level 10.0 Fighting
 - Level 7.0 Maces & Flails
 - Level 10.0 Armour
 - Level 5.1 Dodging
 - Level 2.1 Stealth
 * Level 10.0 Spellcasting
 - Level 5.2 Hexes
 * Level 15.1 Summonings
 - Level 8.2 Air Magic
 * Level 6.8 Invocations


You had 5 spell levels left.
You knew the following spells:

 Your Spells              Type           Power      Damage    Failure   Level
a - Summon Small Mammal   Summ           100%       N/A       0%          1
b - Call Imp              Summ           71%        N/A       0%          2
c - Call Canine Familiar  Summ           71%        N/A       1%          3
d - Summon Guardian Gole  Hex/Summ       57%        N/A       1%          3
e - Summon Lightning Spi  Summ/Air       62%        N/A       1%          4
f - Swiftness             Air            51%        N/A       1%          3
g - Summon Cactus Giant   Summ           35%        N/A       1%          6
h - Monstrous Menagerie   Summ           35%        N/A       9%          7

Your spell library contained the following spells:

 Spells                   Type           Power      Damage    Failure   Level
 Poisonous Vapours        Pois/Air       62%        N/A       1%          2
 Confusing Touch          Hex            37%        N/A       1%          3
 Ensorcelled Hibernation  Hex/Ice        48%        N/A       2%          2
 Animate Armour           Summ/Erth      96%        N/A       2%          4
 Summon Ice Beast         Ice/Summ       48%        N/A       2%          4
 Summon Mana Viper        Hex/Summ       57%        N/A       2%          5
 Freeze                   Ice            48%        1d7       5%          1
 Sandblast                Erth           24%        2d8       5%          1
 Summon Forest            Summ/Tloc      24%        N/A       7%          5
 Blink                    Tloc           24%        N/A       8%          2
 Passwall                 Tmut/Erth      10%        N/A       8%          2
 Frozen Ramparts          Ice            24%        1d4       16%         3
 Ignite Poison            Fire/Tmut/Pois 12%        N/A       16%         3
 Lesser Beckoning         Tloc           12%        N/A       16%         3
 Stone Arrow              Conj/Erth      24%        3d8       16%         3
 Leda's Liquefaction      Hex/Erth       12%        N/A       19%         4
 Arcjolt                  Conj/Air       15%        1d25      26%         5
 Hailstorm                Conj/Ice       12%        3d5       45%         4
 Manifold Assault         Tloc           12%        N/A       45%         4
 Yara's Violent Unravell  Hex/Tmut       12%        3d7       45%         5
 Blade Hands              Tmut           6%         N/A       82%         5
 Fireball                 Conj/Fire      6%         3d5       82%         5
 Irradiate                Conj/Tmut      6%         3d13      82%         5
 Lee's Rapid Deconstruct  Erth           6%         3d7*      82%         5
 Summon Horrible Things   Summ           35%        N/A       56%         8
 Malign Gateway           Summ/Tloc      24%        N/A       90%         7
 Enfeeble                 Hex            18%        N/A       99%         7
 Dispersal                Tloc           6%         N/A       100%        6
 Eringya's Noxious Bog    Tmut/Pois      6%         N/A       100%        6
 Starburst                Conj/Fire      6%         6d4       100%        6
 Dragon Form              Tmut           6%         N/A       100%        7
 Disjunction              Tloc           6%         N/A       100%        8
 Ignition                 Fire           6%         3d4       100%        8
 Dragon's Call            Summ           35%        N/A       100%        9
 Statue Form              Tmut/Erth      Unusable   N/A       N/A         6

Dungeon Overview and Level Annotations

Branches:
Dungeon (11/15)            Temple (1/1) D:6            Lair (5/5) D:9
 Shoals (0/4) Lair:2        Snake (2/4) Lair:2        Slime (0/5) Lair:5
    Orc (2/2) D:11            Elf (0/3) Orc:2         Sewer (visited)
Volcano (visited)

Altars:
Fedhas
Nemelex Xobeh
Okawaru
Ru
Sif Muna
Uskayaw
Vehumet
Zin
The Shining One
Jiyva

Shops:
D:8 *   Orc:2 [*(:   Snake:1 (

Annotations:
D:11 1 runed translucent door
Lair:5 1 runed translucent door


Innate Abilities, Weirdness & Mutations

You are immune to sickness and miasma.
Your stone body is resilient. (AC +11)
You are immune to poison.
Your large and strong wings let you fly.
You resist negative energy. (rN+)
You are resistant to electric shocks. (rElec)
You are resistant to unholy torment.
You are immune to petrification.


Message History

Your black mamba closely misses the naga.
Your black mamba bites the naga warrior but does no damage.
The guardian serpent hits your black mamba!!
The naga completely misses you. The naga closely misses your warg.
The naga completely misses your black mamba.
The naga hits your lightning spire with a +0 battleaxe!!
Your mana viper misses the guardian serpent.
Your mana viper closely misses the guardian serpent.
The naga hits you but does no damage.
Your warg bites the naga.
The salamander barely misses your mana viper.
The naga warrior roars a battlecry!
The naga warrior goes into a battle-frenzy!
The naga warrior constricts you.
Your naga ritualist spits poison at the naga warrior.
The splash of poison hits the naga warrior.
The naga warrior is struck by your cactus giant's spines.
The naga warrior hits your cactus giant with a +0 halberd!!!
Your salamander hits the naga warrior with a +2 trident of venom!
The naga warrior is engulfed in flames!
Your black mamba bites the naga.
You hit the naga warrior.
The naga warrior is moderately wounded.
Your black mamba bites the naga warrior!
The guardian serpent hits your black mamba but does no damage.
Your mana viper bites the guardian serpent!
The guardian serpent's magic leaks into the air.
Your black mamba barely misses the naga warrior.
Your black mamba bites the naga!
The naga dies!
Sif Muna accepts your kill.
Your mana viper bites the guardian serpent!!
The guardian serpent's magic leaks into the air.
Your black mamba barely misses the naga warrior.
The naga hits you with a +0 long sword!!
* * * LOW HITPOINT WARNING * * *
The salamander hits your mana viper with a +0 trident!
Your mana viper is engulfed in flames!
The naga warrior hits you with a +0 scimitar.
* * * LOW HITPOINT WARNING * * *
The naga warrior constricts you.
You die...

#..<÷....####.
#.............
#........####
#...÷....#
#....)...# .
#....[...# ...
#........# ###SN..
#######.####NNSS...
#÷.#N@NSCN...
#..8h####S...
#....S# .
......##....
###...###.....
##... .###.. ##..
.# # #. .# #.


You could see 2 naga warriors, a salamander (strong), a guardian serpent
(distracted, magic disrupted), a naga (strong), a friendly salamander
(summoned), a friendly naga ritualist (summoned), 2 friendly mana vipers, a
friendly cactus giant (summoned), 3 friendly black mambas, a friendly warg
(summoned) and a friendly lightning spire (summoned).

Vanquished Creatures
  A red draconian (Volcano)
  An ettin (Orc:1)
  Josephine (Orc:1)
  A hydra (Lair:4)
  Erolcha (D:11)
  An ogre mage (Volcano)
  2 catoblepae (Lair:5)
  3 anacondas (Snake:2)
  A boulder beetle (D:11)
  2 orc high priests (Orc:2)
  A two-headed ogre (Volcano)
  A naga sharpshooter (Snake:1)
  Nergalle (Lair:1)
  2 shock serpents
  A mana viper (Snake:1)
  An orc knight (Orc:2)
  An orc sorcerer (Orc:2)
  A salamander (Snake:1)
  11 black mambas
  A molten gargoyle (Volcano)
  11 elephants
  A naga mage (Snake:1)
  A gargoyle (Volcano)
  11 cane toads
  4 rime drakes
  2 komodo dragons
  A tyrant leech (Lair:5)
  14 blink frogs
  2 wyverns
  3 wraiths (Orc:1)
  Eustachio (D:5)
  17 yaks
  A human (Snake:1)
  2 fire bats (Volcano)
  3 steam dragons
  4 basilisks
  6 vampire mosquitoes
  A warg (Orc:1)
  2 nagas
  7 water moccasins
  10 orc warriors
  A sky beast (D:8)
  3 black bears
  12 wolves
  6 centaurs
  2 kobold brigands
  3 necrophages
  14 bullfrogs
  4 scorpions
  A wight (D:9)
  A killer bee (D:9)
  4 electric eels
  8 howler monkeys
  7 lava snakes (Volcano)
  2 jellies
  3 hounds
  4 orc priests
  5 iguanas
  A hell rat (Sewer)
  7 orc wizards
  A gnoll (D:4)
  An adder (D:5)
  A white imp (D:6)
  3 ufetubi
  A worm (D:2)
  3 dart slugs
  28 orcs
  6 endoplasms
  4 goblins
  7 hobgoblins
  2 jackals (D:4)
  17 kobolds
  A quokka (D:3)
  6 ball pythons
  2 bats
  5 frilled lizards
  3 rats
318 creatures vanquished.

Vanquished Creatures (collateral kills)
  Kirke (Snake:1)
  An orc warlord (Orc:2)
  Harold (Lair:2)
  A hydra (Lair:3)
  A catoblepas (Lair:5)
  3 naga warriors (Snake:1)
  4 two-headed ogres
  An orc high priest (Orc:2)
  A naga sharpshooter (Snake:1)
  Sonja (Lair:4)
  A goliath frog (Lair:5)
  A naga ritualist (Snake:1)
  4 mana vipers
  Pikel (D:5)
  A deep elf pyromancer (D:11)
  2 orc knights (Orc:2)
  2 orc sorcerers (Orc:2)
  2 salamanders
  5 elephants
  8 black mambas
  Maggie (D:7)
  2 komodo dragons
  6 cane toads
  3 trolls
  A polar bear (Lair:5)
  2 tyrant leeches (Lair:5)
  12 blink frogs
  2 wyverns
  2 wraiths (Orc:1)
  3 basilisks
  10 yaks
  3 hogs (Snake:1)
  Menkaure (D:5)
  3 vampire mosquitoes
  2 wargs
  3 nagas
  7 water moccasins
  Duvessa (D:7)
  15 orc warriors
  A sky beast (D:7)
  A black bear (D:6)
  3 wolves
  3 ogres
  13 centaurs
  A kobold brigand (D:7)
  5 bullfrogs
  A scorpion (D:5)
  4 wights
  Dowan (D:7)
  2 killer bees (D:9)
  4 howler monkeys
  2 electric eels
  11 orc priests
  A hound (D:9)
  A jelly (D:5)
  Terence (D:3)
  Natasha (twice) (D:3)
  15 orc wizards
  2 nameless horrors
  4 gnolls (D:4)
  An adder (D:3)
  A river rat (Sewer)
  A white imp (D:6)
  53 orcs
  2 ball pythons (D:1)
  2 bats (D:1)
  2 endoplasms (D:1)
  A giant cockroach (D:1)
  3 goblins
  A hobgoblin (D:4)
  2 jackals (D:4)
  A quokka (D:3)
  A frilled lizard (D:1)
  5 kobolds
  3 rats
278 creatures vanquished.

Vanquished Creatures (others)
  2 hydras
  A naga warrior (Snake:1)
  2 two-headed ogres (D:11)
  An orc high priest (Orc:2)
  2 naga ritualists
  3 black mambas (Snake:1)
  2 elephants (Lair:3)
  A komodo dragon (Lair:3)
  2 trolls
  3 nagas (Snake:1)
  2 orc warriors
  2 wolves
  An ogre (Orc:1)
  A wight (D:10)
  2 hounds (D:9)
  3 orc wizards
  2 orcs (Orc:1)
  26 fungi
  98 plants
156 creatures vanquished.

Grand Total: 752 creatures vanquished

Notes
Turn   | Place    | Note
-------+----------+-------------------------------------------
     0 | D:1      | greasedhog the Gargoyle Summoner began the quest for the
                  | Orb.
     0 | D:1      | Reached XP level 1. HP: 10/10 MP: 3/3
   245 | D:1      | Found a faded altar of an unknown god.
   256 | D:1      | Reached XP level 2. HP: 15/16 MP: 3/5
   300 | D:1      | Learned a level 2 spell: Call Imp
   787 | D:1      | Reached skill level 1 in Fighting
  1173 | D:2      | Reached skill level 4 in Summonings
  1173 | D:2      | Reached XP level 3. HP: 17/20 MP: 2/6
  2278 | D:3      | Reached XP level 4. HP: 17/25 MP: 5/8
  2386 | D:3      | Learned a level 3 spell: Call Canine Familiar
  2955 | D:3      | Noticed Terence
  2967 | D:3      | Killed Terence
  2968 | D:3      | Reached XP level 5. HP: 19/30 MP: 2/10
  3305 | D:3      | Noticed Natasha
  3323 | D:3      | Killed Natasha
  3579 | D:3      | Reached XP level 6. HP: 35/36 MP: 8/11
  3682 | D:3      | Found a shimmering blue altar of Sif Muna.
  3704 | D:3      | Noticed Natasha
  3719 | D:3      | Killed Natasha
  3720 | D:3      | Reached skill level 5 in Summonings
  3795 | D:3      | Found a radiant altar of Vehumet.
  3918 | D:3      | Found a sacrificial altar of Ru.
  4169 | D:4      | Found an iron altar of Okawaru.
  5070 | D:5      | Entered Level 5 of the Dungeon
  5119 | D:5      | Reached XP level 7. HP: 40/41 MP: 13/13
  5127 | D:5      | Reached skill level 1 in Maces & Flails
  5219 | D:5      | Noticed Menkaure
  5230 | D:5      | Killed Menkaure
  5231 | D:5      | Reached skill level 5 in Spellcasting
  5231 | D:5      | Reached skill level 6 in Summonings
  5359 | D:5      | Reached XP level 8. HP: 35/46 MP: 9/15
  5379 | D:5      | Learned a level 3 spell: Summon Guardian Golem
  5384 | D:5      | Learned a level 4 spell: Summon Lightning Spire
  5471 | D:5      | Noticed Pikel
  5489 | D:5      | Killed Pikel
  5508 | D:5      | Found a glowing drain.
  5517 | Sewer    | Entered a sewer
  5740 | D:5      | Reached skill level 5 in Fighting
  5740 | D:5      | Reached skill level 7 in Summonings
  6004 | D:5      | Reached XP level 9. HP: 35/54 MP: 5/16
  6025 | D:5      | Identified the +10 flail "Kuome" {spect, MP+9 Int+4}
  6189 | D:5      | Reached skill level 5 in Maces & Flails
  6240 | D:5      | Noticed Eustachio
  6250 | D:5      | Killed Eustachio
  6251 | D:5      | Reached skill level 1 in Armour
  6324 | D:5      | Reached skill level 1 in Air Magic
  6618 | D:3      | Became a worshipper of Sif Muna the Loreminder
  6796 | D:6      | Found a blossoming altar of Fedhas.
  6879 | D:6      | Found a staircase to the Ecumenical Temple.
  6924 | Temple   | Entered the Ecumenical Temple
  7669 | D:7      | Reached skill level 8 in Summonings
  7674 | D:7      | Noticed Maggie
  7675 | D:7      | Reached * piety under Sif Muna
  8048 | D:7      | Killed Maggie
  8070 | D:7      | Noticed Duvessa
  8073 | D:7      | Killed Duvessa
  8076 | D:7      | Noticed Dowan
  8092 | D:7      | Killed Dowan
  8093 | D:7      | Reached XP level 10. HP: 32/59 MP: 17/17
  8326 | D:7      | Reached skill level 5 in Armour
  8526 | D:7      | Found a glowing silver altar of Zin.
  8784 | D:8      | Found Macuc's Overcharged Wands.
  8867 | D:8      | Reached ** piety under Sif Muna
  8920 | D:8      | Found a sparkling altar of Nemelex Xobeh.
  9211 | D:8      | Found a hide-covered altar of Uskayaw.
  9401 | D:9      | Found a staircase to the Lair.
  9417 | D:9      | Reached skill level 9 in Summonings
  9561 | D:9      | Reached skill level 5 in Air Magic
  9791 | D:9      | Found a glowing golden altar of the Shining One.
 10345 | D:10     | Entered Level 10 of the Dungeon
 10349 | D:10     | Reached XP level 11. HP: 63/63 MP: 18/18
 10359 | D:10     | Reached *** piety under Sif Muna
 10434 | D:10     | Reached skill level 1 in Hexes
 10628 | D:10     | Reached skill level 10 in Summonings
 10796 | D:10     | Reached skill level 5 in Dodging
 11612 | D:11     | Reached skill level 1 in Invocations
 11898 | D:11     | Identified a scroll of acquirement
 11899 | D:11     | Acquired the ring of Emib {Fly Will+}
 11902 | D:11     | Noticed a deep elf pyromancer
 11913 | D:11     | Killed a deep elf pyromancer
 11982 | D:11     | Noticed Erolcha
 12025 | D:11     | Killed Erolcha
 12507 | D:11     | Noticed a two-headed ogre
 12524 | D:11     | Killed a two-headed ogre
 12643 | D:11     | Noticed a two-headed ogre
 12649 | D:11     | Killed a two-headed ogre
 12732 | D:11     | Found a staircase to the Orcish Mines.
 12850 | D:11     | Noticed a boulder beetle
 12858 | D:11     | Killed a boulder beetle
 12948 | D:11     | Noticed a deep elf knight
 12948 | D:11     | Noticed a flayed ghost
 12948 | D:11     | a merfolk changed into an orb spider
 12948 | D:11     | Noticed an orb spider (glowing shapeshifter)
 12949 | D:11     | Found a runed translucent door.
 12949 | D:11     | an orb spider changed into a two-headed ogre
 12949 | D:11     | Noticed a two-headed ogre (glowing shapeshifter)
 12951 | D:11     | Noticed a deep troll earth mage
 12951 | D:11     | Noticed an ettin
 12951 | D:11     | Noticed a deep troll earth mage
 12951 | D:11     | Noticed a tengu reaver
 12951 | D:11     | Noticed a deep troll earth mage
 12952 | D:11     | a two-headed ogre changed into an anaconda
 12952 | D:11     | Noticed an anaconda (glowing shapeshifter)
 13051 | D:11     | Noticed a two-headed ogre
 13059 | D:11     | Killed a two-headed ogre
 13060 | D:11     | Reached XP level 12. HP: 72/72 MP: 19/19
 13389 | Lair:1   | Entered Level 1 of the Lair of Beasts
 13521 | Lair:1   | Noticed Nergalle
 13525 | Lair:1   | Reached skill level 5 in Hexes
 13525 | Lair:1   | Reached skill level 11 in Summonings
 13529 | Lair:1   | Reached skill level 5 in Invocations
 13539 | Lair:1   | Reached **** piety under Sif Muna
 13546 | Lair:1   | Killed Nergalle
 13883 | Lair:1   | Found a dark tunnel.
 13970 | Volcano  | Entered a volcano
 14551 | Volcano  | Found a burning altar of Makhleb.
 14551 | Volcano  | Noticed a two-headed ogre
 14551 | Volcano  | Noticed a two-headed ogre
 14551 | Volcano  | Noticed an ogre mage
 14551 | Volcano  | Noticed a two-headed ogre
 14566 | Volcano  | Killed a two-headed ogre
 14582 | Volcano  | Killed an ogre mage
 14584 | Volcano  | Killed a two-headed ogre
 14588 | Volcano  | Killed a two-headed ogre
 14645 | Volcano  | Learned a level 3 spell: Swiftness
 14791 | Volcano  | Noticed a two-headed ogre
 14809 | Volcano  | Killed a two-headed ogre
 14855 | Volcano  | Noticed a red draconian
 14906 | Volcano  | Killed a red draconian
 16035 | Lair:2   | Found a staircase to the Shoals.
 16206 | Lair:2   | Found a staircase to the Snake Pit.
 16299 | Lair:2   | Reached XP level 13. HP: 80/80 MP: 20/20
 16315 | Lair:2   | Noticed Harold
 16334 | Lair:2   | Killed Harold
 16335 | Lair:2   | Reached skill level 12 in Summonings
 17079 | Lair:3   | Reached skill level 10 in Fighting
 17600 | Lair:3   | Reached ***** piety under Sif Muna
 17608 | Lair:3   | Received a gift from Sif Muna
 17609 | Lair:3   | Got Asmodeus's Volume of the Throng {god gift}
 18381 | Lair:4   | Reached skill level 13 in Summonings
 18542 | Lair:4   | Noticed Sonja
 18563 | Lair:4   | Killed Sonja
 18664 | Lair:4   | Gained mutation: Your large and strong wings let you fly.
                  | [Gargoyle growth]
 18664 | Lair:4   | Reached XP level 14. HP: 83/88 MP: 23/23
 19080 | Lair:5   | Entered Level 5 of the Lair of Beasts
 19506 | Lair:5   | HP: 3/88 [acid (8)]
 19510 | Lair:5   | HP: 1/88 [acid (11)]
 19874 | Lair:5   | Received a gift from Sif Muna
 19875 | Lair:5   | Got Sif Muna's Reference Book on Assistive Blows and
                  | Bruises {god gift}
 19885 | Lair:4   | Learned a level 6 spell: Summon Cactus Giant
 21282 | Lair:5   | Found a runed translucent door.
 21284 | Lair:5   | Found a viscous altar of Jiyva.
 21284 | Lair:5   | Found a staircase to the Slime Pits.
 21750 | Orc:1    | Entered Level 1 of the Orcish Mines
 21948 | Orc:2    | Entered Level 2 of the Orcish Mines
 22497 | Orc:2    | Reached skill level 14 in Summonings
 22676 | Orc:2    | Noticed an orc warlord
 22711 | Orc:2    | Received a gift from Sif Muna
 22712 | Orc:2    | Got Sif Muna's Essays on Production and Venom {god gift}
 22845 | Orc:2    | Killed an orc warlord
 23341 | Orc:2    | Reached XP level 15. HP: 81/92 MP: 27/27
 23676 | Orc:2    | Found a staircase to the Elven Halls.
 23753 | Orc:2    | Found Musalalu's General Store.
 23754 | Orc:2    | Found Pivonlil's Book Shop.
 23757 | Orc:2    | Found Peajeq's Antique Armour Boutique.
 23757 | Orc:2    | Found Wenukitu's Antique Weapon Boutique.
 23772 | Orc:2    | Bought a potion of brilliance for 48 gold pieces
 23772 | Orc:2    | Bought a scroll of enchant armour for 90 gold pieces
 23772 | Orc:2    | Bought a potion of lignification for 36 gold pieces
 23947 | Orc:2    | Learned a level 7 spell: Monstrous Menagerie
 24306 | Orc:1    | Noticed Josephine
 24316 | Orc:1    | Killed Josephine
 24654 | Snake:1  | Entered Level 1 of the Snake Pit
 24982 | Snake:1  | Noticed Kirke
 25000 | Snake:1  | Killed Kirke
 25090 | Snake:1  | Reached skill level 10 in Armour
 25841 | Snake:1  | Found Ustru's Weapon Emporium.
 27067 | Snake:2  | Reached skill level 15 in Summonings
 27261 | Snake:2  | Reached skill level 10 in Spellcasting
 27599 | Snake:2  | HP: 1/92 [naga warrior/+0 scimitar (5)]
 27599 | Snake:2  | Constricted to death by a naga warrior

Illustrated notes

Levels and vault maps discovered:
D:1:      lightli_arrival_flooded_house, layout_basic,
          dreamdust_ecumenical_altar_grove
D:2:      layout_loops_cross
D:3:      corexii_shack_village, layout_basic, mainiacjoe_overflow_swirl,
          lemuel_round_altar, uniq_natasha, uniq_terence
D:4:      layout_basic, mainiacjoe_overflow_alcove_2, minivault_19,
          grunt_ministairs_14, chequers_decorated_corner, sigmund_army
D:5:      layout_basic, portal_sewer_entry_d, minmay_misc_feat_tiny, uniq_pikel,
          uniq_menkaure, uniq_eustachio
D:6:      layout_loops_ring, amcnicky_altar_gilded, temple_doors_e
D:7:      layout_rooms, zin_statuary, uniq_duvessa, uniq_maggie
D:8:      layout_basic, mainiacjoe_overflow_cross_hatched, lemuel_doored_altar,
          nicolae_shop_overcharged_wands
D:9:      layout_irregular_city, mainiacjoe_overflow_24_doors, erik_lair_island,
          enter_bailey_6
D:10:     layout_basic
D:11:     minmay_gate_of_8, layout_irregular_city, kennysheep_generic_room_8,
          uniq_erolcha
Temple:   nicolae_temple_figure_eight
Lair:1:   layout_regular_city, nicolae_volcano_entry_two_sided,
          gauntlet_entry_generic, uniq_nergalle
Lair:2:   layout_loops_ring, minmay_shoals_entry_centaurs,
          minmay_snake_entry_guardpost_small, grunt_megastairs_3, uniq_harold
Lair:3:   layout_cave_pods, infiniplex_staircase_pool
Lair:4:   layout_long_grid, uniq_sonja
Lair:5:   minmay_lair_end_frog_pond, layout_gridlike, slime_entry_2,
          columned_hall_lemuel, serial_bayou_ford_a
Snake:1:  layout_chambers, minmay_shop_star, uniq_kirke
Snake:2:  layout_rooms, grunt_megastairs_4
Orc:1:    layout_caves, uniq_josephine
Orc:2:    st_orc_congregation, layout_diamond_mine, special_room,
          nicolae_orc_pool_cavern, dreamdust_deal_with_the_devil

Skill      XL: |  1  2  3  4  5  6  7  8  9 10 11 12 13 14 15 |
---------------+----------------------------------------------+-----
Fighting       | 1 2 3 5 7 9 10 | 10.0
Summonings     | 4 5 6 7 8 9 10 11 13 14 15 | 15.1
Spellcasting   | 3 4 5 6 8 10 | 10.0
Maces & Flails | 2 4 5 7 |  7.0
Armour         | 4 5 8 10 | 10.0
Air Magic      | 3 5 6 8 |  8.2
Dodging        | 4 5 |  5.1
Hexes          | 4 5 |  5.2
Invocations    | 4 5 6 |  6.8
Stealth        | |  2.1

Action                   |  1- 3 |  4- 6 |  7- 9 | 10-12 | 13-15 || total
-------------------------+-------+-------+-------+-------+-------++-------
Melee: Trident           |    92 |    98 |       |       |       ||   190
       Unarmed           |     4 |       |       |       |       ||     4
       Punch             |     1 |     1 |     1 |     3 |     5 ||    11
       Whip              |       |    17 |    52 |       |       ||    69
       Flail             |       |       |    65 |   232 |   402 ||   699
 Cast: Summon Small Mamm |    19 |    12 |    14 |    10 |     1 ||    56
       Call Imp          |     5 |    11 |    15 |    22 |     4 ||    57
       Call Canine Famil |       |     7 |    19 |    40 |    64 ||   130
       Summon Guardian G |       |       |     6 |    18 |    33 ||    57
       Summon Lightning  |       |       |     2 |    22 |    31 ||    55
       Swiftness         |       |       |       |     1 |       ||     1
       Summon Cactus Gia |       |       |       |       |    58 ||    58
Evoke: Wand              |       |     1 |       |    20 |     4 ||    25
  Use: Scroll            |     5 |     2 |     3 |     5 |     5 ||    20
       Potion            |       |     1 |     4 |    10 |     2 ||    17
 Stab: Sleeping          |     2 |     6 |     2 |     2 |       ||    12
       Distracted        |     1 |       |     1 |     2 |     5 ||     9
Armor: Robe              |    44 |    34 |    27 |    11 |       ||   116
       Steam dragon scal |       |       |    23 |   120 |   275 ||   418
Dodge: Dodged            |    68 |    80 |    88 |   195 |   296 ||   727
Block: Other             |       |       |       |    66 |   137 ||   203
       Reflection        |       |       |       |    10 |     5 ||    15

Table legend: (Time is in decaauts)
 A = Elapsed time spent in this place.
 B = Non-inter-level travel time spent in this place.
 C = Inter-level travel time spent in this place.
 D = Time resting spent in this place.
 E = Time spent auto-exploring this place.
 F = Levels seen in this place.
 G = Mean time per level.
                   A        B        C        D        E       F      G
               +--------+--------+--------+--------+--------+-----+--------+
         Total |  27743 |  26462 |   1281 |   6129 |  16034 |  23 | 1206.2 |
       Dungeon |  13485 |  12700 |    785 |   2550 |   8247 |  11 | 1225.9 |
        Temple |      1 |      1 |      0 |      0 |      0 |   1 |    1.0 |
          Lair |   6942 |   6587 |    355 |   1410 |   4206 |   5 | 1388.4 |
     Snake Pit |   2950 |   2936 |     14 |   1184 |   1362 |   2 | 1475.0 |
  Orcish Mines |   2812 |   2687 |    125 |    555 |   1589 |   2 | 1406.0 |
         Sewer |    165 |    165 |      0 |      0 |    106 |   1 |  165.0 |
       Volcano |   1384 |   1384 |      0 |    430 |    523 |   1 | 1384.0 |
               +--------+--------+--------+--------+--------+-----+--------+

Top non-repeatable levels by time:
 Snake:1: 2720 daAuts
     D:3: 2046 daAuts
   Orc:2: 1997 daAuts
  Lair:5: 1972 daAuts
    D:11: 1733 daAuts
  Lair:3: 1440 daAuts
  Lair:4: 1395 daAuts
 Volcano: 1384 daAuts
     D:5: 1332 daAuts
     D:6: 1313 daAuts
    D:10: 1284 daAuts
  Lair:1: 1165 daAuts
     D:4: 1120 daAuts
     D:1: 1093 daAuts
     D:9: 1032 daAuts
